 Dungeon Crawl Stone Soup version 0.19.5 (webtiles) character file.

394 JustSomeDude the Chopper (level 6, -4/70 HPs)
             Began as a Demonspawn Fighter on Mar 24, 2017.
             Was an Initiate of Okawaru.
             Slain by an ogre
             ... wielding a +0 giant club
              (8 damage)
             ... on level 5 of the Dungeon.
             The game lasted 00:19:28 (3724 turns).

JustSomeDude the Chopper (Demonspawn Fighter)       Turns: 3724, Time: 00:19:29

Health: -4/70      AC: 13    Str: 23    XL:     6   Next: 52%
Magic:  6/6        EV:  4    Int:  9    God:    Okawaru [......]
Gold:   163        SH: 14    Dex: 13    Spells: 0 memorised, 5 levels left

rFire  . . .     SeeInvis .     a - +0 war axe
rCold  . . .     Gourm    .     t - +0 chain mail
rNeg   . . .     Faith    .     v - +0 large shield
rPois  .         Spirit   .     (no helmet)
rElec  .         Reflect  .     w - +1 cloak {+Inv}
rCorr  .         Harm     .     (no gloves)
MR     .....                    (no boots)
Stlth  ..........               (no amulet)
                                (no ring)
                                g - ring of stealth

@: berserking, very quick
A: talons 1, icy blue scales 1
a: Renounce Religion, Evoke Invisibility


You were on level 5 of the Dungeon.
You worshipped Okawaru.
Okawaru was noncommittal.
You were hungry.

You visited 2 branches of the dungeon, and saw 6 of its levels.

You collected 163 gold pieces.

Inventory:

Hand Weapons
 a - a +0 war axe (weapon)
Armour
 t - a +0 chain mail (worn)
 v - a +0 large shield (worn)
 w - a +1 cloak of invisibility (worn)
Jewellery
 g - a ring of stealth (left hand)
 i - an uncursed ring of protection from fire {unknown}
Wands
 m - a wand of polymorph (0/24)
Scrolls
 d - a scroll of fog {unknown}
 e - a scroll of blinking {unknown}
 j - a scroll of random uselessness {unknown}
 l - 2 scrolls of magic mapping
 o - 5 scrolls of remove curse {unknown}
 p - 3 scrolls of teleportation {unknown}
 q - 3 scrolls of fear {unknown}
 s - a scroll of recharging {unknown}
 u - a scroll of identify
 y - a scroll of enchant armour {unknown}
Potions
 b - a potion of flight
 r - a potion of berserk rage
 x - a potion of resistance {unknown}
 z - 2 potions of mutation {unknown}
 A - a potion of heal wounds {unknown}
Comestibles
 c - a beef jerky
 f - 4 bread rations
 h - 2 meat rations
 k - a royal jelly
 n - a slice of pizza
 B - 4 chunks of flesh


   Skills:
 + Level 3.4 Fighting
 + Level 4.0 Axes
 + Level 1.4 Throwing
 * Level 3.7 Armour
 + Level 1.4 Dodging
 * Level 3.9 Shields


You had 5 spell levels left.
You didn't know any spells.

Dungeon Overview and Level Annotations

Branches:
Dungeon (5/15)             Temple (1/1) D:4

Altars:
Ashenzari
Cheibriados
Dithmenos
Elyvilon
Fedhas
Hepliaklqana
Okawaru
Ru
Sif Muna
Uskayaw
Vehumet
Xom
Yredelemnul
Zin
The Shining One

Shops:
D:4 *

Annotations:
D:4 kraktruk's ghost, amateur GrGl


Innate Abilities, Weirdness & Mutations

You have sharp toenails.
You are partially covered in icy blue scales. (AC +2)


Message History

Your shield prevents you from hitting the ogre.
You claw the ogre, but do no damage. You block the ogre's attack.
You slash the ogre! You claw the ogre, but do no damage.
The ogre is moderately wounded.
You block the ogre's attack.
You slash the ogre! You claw the ogre, but do no damage.
The ogre is severely wounded.
The ogre hits you with a giant club!
You hit the ogre but do no damage. You claw the ogre.
The ogre is severely wounded.
The ogre hits you but does no damage. The ogre hits you with a giant club!!
* * * LOW HITPOINT WARNING * * *
You are too injured to fight recklessly!
A red film seems to cover your vision as you go berserk!
You feel yourself moving faster!
You feel mighty!
You are too injured to fight recklessly!
You barely miss the ogre.
The ogre is severely wounded.
The ogre hits you with a giant club!
You die...

#.#
#..
#..#
## ...
.####
..
....
#.#..#
#)O..#
#.@..#
####.#
#


You could see an ogre.

Vanquished Creatures
  A howler monkey (D:4)
  A crimson imp (D:3)
  A hound (D:4)
  A worker ant (D:4)
  Natasha (thrice) (D:3)
  2 orc wizards
  3 adders
  An ooze (D:4)
  3 worms
  5 dart slugs
  3 leopard geckos
  6 orcs
  3 ball pythons
  7 bats
  A giant cockroach (D:2)
  8 goblins
  9 hobgoblins
  5 jackals
  9 kobolds
  3 quokkas
  4 frilled lizards
  6 rats
85 creatures vanquished.

Vanquished Creatures (others)
  An adder (D:3)
  An orc (D:3)
  A bat (D:3)
  A quokka (D:3)
  5 toadstools (D:1)
9 creatures vanquished.

Grand Total: 94 creatures vanquished

Notes
Turn   | Place    | Note
-------+----------+-------------------------------------------
     0 | D:1      | JustSomeDude the Demonspawn Fighter began the quest for the Orb.
     0 | D:1      | Reached XP level 1. HP: 18/18 MP: 1/1
    30 | D:1      | Gained mutation: You are partially covered in icy blue scales. (AC +2) [demonic ancestry]
    30 | D:1      | Reached XP level 2. HP: 21/24 MP: 2/2
    46 | D:1      | Found a shattered altar of Ashenzari.
    49 | D:1      | Reached skill level 2 in Axes
   483 | D:1      | Reached XP level 3. HP: 29/29 MP: 3/3
  1063 | D:2      | Gained mutation: You have sharp toenails. [demonic ancestry]
  1063 | D:2      | Reached XP level 4. HP: 34/35 MP: 4/4
  1564 | D:3      | Found a white marble altar of Elyvilon.
  1571 | D:3      | Noticed an ogre
  1853 | D:3      | Noticed a mottled dragon
  1853 | D:3      | an ogre changed into a mottled dragon
  1893 | D:3      | Found an iron altar of Okawaru.
  2104 | D:3      | Reached skill level 3 in Axes
  2143 | D:3      | Noticed Natasha
  2167 | D:3      | Killed Natasha
  2167 | D:3      | Reached skill level 1 in Dodging
  2172 | D:3      | Noticed Natasha
  2181 | D:3      | Killed Natasha
  2181 | D:3      | Reached XP level 5. HP: 27/41 MP: 5/5
  2394 | D:3      | Found a shimmering altar of Xom.
  2421 | D:3      | Reached skill level 1 in Throwing
  2639 | D:3      | Became a worshipper of Warmaster Okawaru
  2662 | D:4      | Found Zagaon's Assorted Antiques.
  2713 | D:4      | Noticed kraktruk's ghost (amateur GrGl)
  2735 | D:4      | Reached XP level 6. HP: 42/47 MP: 6/6
  2746 | D:4      | HP: 2/47 [kraktruk's ghost (6)]
  2839 | D:3      | Noticed Natasha
  3007 | D:3      | Killed Natasha
  3155 | D:4      | Found a staircase to the Ecumenical Temple.
  3181 | Temple   | Entered the Ecumenical Temple
  3617 | D:4      | Reached skill level 4 in Axes
  3717 | D:5      | Entered Level 5 of the Dungeon
  3724 | D:5      | Slain by an ogre

Skill      XL: |  1  2  3  4  5  6 |
---------------+-------------------+-----
Shields        | 3 |  3.9
Axes           | 2 3 4 |  4.0
Armour         | 3 |  3.7
Dodging        | 1 |  1.4
Throwing       | 1 |  1.4
Fighting       | |  3.4

Action                   |  1- 3 |  4- 6 || total
-------------------------+-------+-------++-------
Melee: War axe           |   108 |   261 ||   369
       Kick              |       |    68 ||    68
Throw: Tomahawk          |       |    31 ||    31
 Abil: Evoke Invisibilit |       |     1 ||     1
Evoke: Wand              |       |     5 ||     5
  Use: Scroll            |       |     6 ||     6
       Potion            |       |     3 ||     3
  Eat: Chunk             |     1 |     9 ||    10
Armor: Scale mail        |    58 |       ||    58
       Chain mail        |     4 |   146 ||   150
Dodge: Dodged            |    22 |    19 ||    41
Block: Shield            |    44 |       ||    44
       Large shield      |     7 |   184 ||   191
